 Dungeon Sprint DCSS version 0.19.1 (webtiles) character file.

444 w00t the Unseen (level 6, -24/30 HPs)
             Began as a Spriggan Assassin on Dec 23, 2016.
             Was an Initiate of Dithmenos.
             Annihilated by a deep troll (27 damage)
             ... in the Dungeon (Sprint I: "Red Sonja").
             The game lasted 00:01:39 (103 turns).

w00t the Unseen (Spriggan Assassin)                  Turns: 103, Time: 00:01:40

Health: -24/30     AC:  3    Str:  7    XL:     6   Next: 72%
Magic:  7/7        EV: 17    Int: 13    God:    Dithmenos [......]
Gold:   262        SH:  0    Dex: 19    Spells: 0 memorised, 5 levels left

rFire  . . .     SeeInvis +     a - +2 dagger
rCold  . . .     Gourm    .     c - +0 robe
rNeg   . . .     Faith    .     (shield restricted)
rPois  .         Spirit   .     (helmet restricted)
rElec  .         Reflect  .     d - +0 cloak
rCorr  .         Harm     .     (gloves unavailable)
MR     +....     NoTele   +     (boots unavailable)
Stlth  ++++++++..               (no amulet)
                                (no ring)
                                (no ring)

@: very quick
A: unfitting armour, see invisible, herbivore 3, speed 3, slow metabolism 2
a: Renounce Religion


You were in the Dungeon.
You worshipped Dithmenos.
Dithmenos was noncommittal.
You were not hungry.

You visited 1 branch You collected 297 gold pieces.
You spent 35 gold pieces at shops.

Inventory:

Hand Weapons
 a - a +2 dagger (weapon)
 b - a +0 blowgun
Missiles
 e - 8 poisoned needles
 f - 2 curare-tipped needles
Armour
 c - a +0 robe (worn)
 d - a +0 cloak (worn)
Scrolls
 m - a scroll of blinking
 n - a scroll of enchant weapon {unknown}
 p - a scroll of identify {unknown}
Potions
 h - a potion of curing
 i - a potion of heal wounds
 j - a potion of haste
 k - 2 potions of magic
 l - a potion of berserk rage
 o - 2 potions of flight {unknown}
Comestibles
 g - a bread ration


   Skills:
 - Level 1.5 Fighting
 - Level 2.1 Short Blades
 - Level 2.0 Throwing
 - Level 1.5 Dodging
 + Level 20.5 Stealth


You had 5 spell levels left.
You didn't know any spells.

Dungeon Overview and Level Annotations

Branches:
Dungeon (1/1)

Altars:
Cheibriados
Dithmenos
Elyvilon
Fedhas
Gozag
Hepliaklqana
Kikubaaqudgha
Nemelex Xobeh
Okawaru
Qazlal
Ru
Sif Muna
Trog
Uskayaw
Vehumet
Yredelemnul
Zin
The Shining One

Shops:
D ?


Innate Abilities, Weirdness & Mutations

You are very small and have problems with some larger weapons.
You are too small for most types of armour.
You have supernaturally acute eyesight. (SInv)
You are a herbivore.
You cover ground extremely quickly.
You need consume almost no food.


Message History

The centaur warrior hits you!
Found 54 gold pieces.
The centaur warrior wields an uncursed shortbow.
The centaur warrior shoots an arrow.
The arrow misses you.
The arrow hits the deep troll!
The deep troll shouts!
Found 54 gold pieces.
There is an open door here.
You closely miss the deep troll.
The deep troll is lightly wounded.
The deep troll closely misses you. The deep troll claws you!
Ouch! That really hurt!
* * * LOW HITPOINT WARNING * * *
The deep troll closely misses you.
You barely miss the deep troll.
The deep troll is lightly wounded.
The centaur warrior unwields an uncursed shortbow.
The centaur warrior misses you. The deep troll bites you!!
Ouch! That really hurt!
You die...

..'..#.)'..#..+,,+,,*,,,**+*,****
..#####'#####'#__*###,,,+,,*,*,**
..####..#...#[####§§#****,,+,*+*,
..#__####..##.#≈≈§c§#,,**+****,,,
..#_____##'#..'≈≈≈§.+,,*,,,,,*,,,
⌠⌠#_.∩..†'..._#≈§§§c#,,*,,,,,+,,,
###_..__##_.#'##c####*+***,,,*,,,
,,#_____###+#.#§c.§#**,+,*,,,***+
**#######**,####@###,***,*,,***,,
∩,,,,,,,,+,,,+$$T$$+,∩**,*,,****,
**++++****,,,#######****,**+*,,*,
,,,,,,,****,***,,,,,,,**,**,*,,,,
,,,,,,,,*,*+*,*,,,,,,,,+,****,,,,
,,*,,,,,*,,,,,*+++******,*,,+,,,,
,,,,,,,,*,,,,,*,,,,,,,,*,*****,,,
,,,,,*,,*******,,,,,,,*+,*,,,****
,,,,,,,,**,,,,,,,,,,,≈****,,,,,,,


You could see 2 centaur warriors and a deep troll.

Vanquished Creatures
  Sigmund (D)
  A yak (D)
  An ogre (D)
  A jelly (D)
  Ijyb (D)
5 creatures vanquished.

Notes
Turn   | Place    | Note
-------+----------+-------------------------------------------
     0 | D        | w00t the Spriggan Assassin began the quest for the Orb.
     0 | D        | Reached XP level 1. HP: 10/10 MP: 2/2
     2 | D        | Noticed Ijyb
     5 | D        | Killed Ijyb
     5 | D        | Reached skill level 10 in Stealth
     5 | D        | Reached XP level 2. HP: 14/14 MP: 3/3
     9 | D        | Noticed an ogre
    11 | D        | Killed an ogre
    11 | D        | Reached skill level 14 in Stealth
    11 | D        | Reached XP level 3. HP: 18/18 MP: 4/4
    11 | D        | Reached XP level 4. HP: 22/22 MP: 5/5
    20 | D        | Noticed Sigmund
    23 | D        | Killed Sigmund
    23 | D        | Reached skill level 18 in Stealth
    23 | D        | Reached XP level 5. HP: 25/25 MP: 6/6
    23 | D        | Reached XP level 6. HP: 30/30 MP: 7/7
    35 | D        | Found a deep blue altar of Sif Muna.
    37 | D        | Found a radiant altar of Vehumet.
    58 | D        | Found Tyfuwyh's Magic Scroll Emporium.
    58 | D        | Found an ancient bone altar of Kikubaaqudgha.
    58 | D        | Found a hazy altar of Hepliaklqana.
    58 | D        | Found a hide-covered altar of Uskayaw.
    58 | D        | Found a basalt altar of Yredelemnul.
    58 | D        | Found an opulent altar of Gozag.
    58 | D        | Found a snail-covered altar of Cheibriados.
    58 | D        | Found a sacrificial altar of Ru.
    58 | D        | Found a shadowy altar of Dithmenos.
    58 | D        | Noticed a yak
    59 | D        | Found a stormy altar of Qazlal.
    59 | D        | Found a blossoming altar of Fedhas.
    59 | D        | Found a bloodstained altar of Trog.
    59 | D        | Found an iron altar of Okawaru.
    59 | D        | Found a glowing golden altar of the Shining One.
    59 | D        | Found a glowing silver altar of Zin.
    59 | D        | Found a white marble altar of Elyvilon.
    60 | D        | Killed a yak
    60 | D        | Reached skill level 20 in Stealth
    61 | D        | Found a sparkling altar of Nemelex Xobeh.
    67 | D        | Became a worshipper of Dithmenos the Shadowed
    70 | D        | Bought a scroll of magic mapping for 35 gold pieces
    90 | D        | Noticed a centaur warrior
    93 | D        | Noticed a centaur warrior
   100 | D        | Noticed a deep troll
   103 | D        | Annihilated by a deep troll

Skill      XL: |  1  2  3  4  5  6 |
---------------+-------------------+-----
Stealth        | 10 14 18 20 | 20.5
Fighting       | |  1.5
Short Blades   | |  2.1
Throwing       | |  2.0
Dodging        | |  1.5

Action                   |  1- 3 |  4- 6 || total
-------------------------+-------+-------++-------
Melee: Dagger            |     2 |     5 ||     7
  Use: Scroll            |       |     1 ||     1
 Stab: Sleeping          |     2 |     3 ||     5
Dodge: Dodged            |       |     5 ||     5
